Description

An interesting build for TvP.

Build Order

Get SALT Encoding   

  12  0:00  SCV  
  13  0:12  SCV  
  14  0:17  Supply Depot  
  14  0:24  SCV  
  15  0:39  SCV  
  15  0:40  Barracks  
  16  0:45  Refinery  
  16  0:51  SCV  Saturate asap
  17  1:03  SCV  
  18  1:15  SCV  
  19  1:28  Orbital Command, Reaper  
  20  1:40  Command Center  
  20  1:48  Supply Depot  
  20  1:54  Refinery  
  20  1:57  SCV  Saturate asap
  21  2:07  Factory  
  21  2:10  SCV  
  22  2:20  Barracks Reactor  
  23  2:22  SCV  
  23  2:31  Refinery  
  25  2:52  Starport  No need to saturate asap
  25  2:56  Orbital Command  
  25  2:57  Factory Reactor  
  25  2:59  Marine x2  This is for the starport
  29  3:17  Marine x2  
  33  3:30  Supply Depot  
  33  3:32  Fusion Core  Start building a wall with it
  33  3:34  Liberator  
  33  3:38  Marine x2, Liberator  
  37  3:42  Factory Tech Lab  Harrass with the 2 liberator or if needed def
  46  4:02  Supply Depot  
  46  4:06  Marine  
  47  4:11  Siege Tank  
  52  4:17  Marine  
  54  4:24  Marine  
  54  4:28  Supply Depot, Advanced Ballistics  
  56  4:34  Refinery  
  56  4:35  Marine  
  61  4:53  Siege Tank  
  61  4:55  Liberator  
  69  5:13  Liberator  
  77  5:30  Siege Tank  
  85  5:38  Liberator  
  93  6:03  Liberator  
  95  6:06  Siege Tank  
  99  6:14  Command Center  You can push now or just wait for max out
  109  6:35  Barracks x3  
  109  6:38  Factory  
  110  6:49  Siege Tank  
  124  7:31  Barracks Tech Lab x2  
  124  7:34  Barracks Reactor  
  124  7:36  Factory Tech Lab, Orbital Command  
  129  7:46  Armory x2  
  129  7:47  Engineering Bay  
Spawning Tool Build Advisor. Get it on Overwolf

Analysis

You shouldn't loose your Liberator or your push will be much weaker. Alos if you scout a stargate opening you might not want to harass with the libs because they can be easily picked up by phoenixes.

Go to:

Details

  • Created by: mysteryH
  • Published on: Mar 26, 2020
  • Modified on: Mar 26, 2020
  • Patch: 4.11.0
Show
View Real Time Build Order
Export as new Build Order

Comments (0)

There are no comments. Be the first!

Create an account to comment!